 Dungeon Crawl Stone Soup version 0.17.1-3-g152610e (webtiles) character file.

118 Kurrus the Slasher (level 5, -1/42 HPs)
             Began as a Formicid Berserker on Mar 26, 2016.
             Was a Believer of Trog.
             Succumbed to an orc wizard's poison
             ... on level 3 of the Dungeon.
             The game lasted 00:53:31 (3549 turns).

Kurrus the Slasher (Formicid Berserker)             Turns: 3549, Time: 00:53:31

Health: -1/42      AC:  5    Str: 22    XL:     5   Next: 23%
Magic:  5/5        EV: 11    Int:  6    God:    Trog [**....]
Gold:   158        SH:  0    Dex: 11    Spells: 0 memorised, 4 levels left

rFire  . . .     SeeInvis +     p - +0 dagger (freeze)
rCold  . . .     Clarity  .     m - +0 ring mail
rNeg   + . .     SustAt   .     (no shield)
rPois  .         Gourm    .     (helmet unavailable)
rElec  .         Spirit   .     (no cloak)
rCorr  .         Warding  +     (no gloves)
rMut   .         Stasis   +     (no boots)
MR     .....                    B - amulet of warding
Stlth  +.........               (no ring)
                                k - ring of teleportation

@: lethally poisoned (-1 -> -44), flying, not resistant to hostile enchantments,
very unstealthy
A: permanent stasis, dig shafts and tunnels, four strong arms, antennae 3
a: Dig, Shaft Self, Trog's Hand, Burn Spellbooks, Renounce Religion, Evoke
Teleportation


You were on level 3 of the Dungeon.
You worshipped Trog.
Trog was pleased with you.
You were near starving.

You visited 1 branch of the dungeon, and saw 3 of its levels.

You collected 158 gold pieces.

Inventory:

Hand Weapons
 a - a +1 falchion
 g - a +0 dagger
 h - a +0 club
 p - a +0 dagger of freezing (weapon)
 u - a +0 rapier
Missiles
 d - 73 stones (quivered)
 s - 26 arrows
Armour
 b - a +0 animal skin
 e - a +0 robe
 m - a +0 ring mail (worn)
Jewellery
 k - a ring of teleportation (left hand)
 y - a cursed ring of teleportation
 A - an uncursed ring of wizardry
 B - an amulet of warding (around neck)
Scrolls
 f - a scroll of identify
Potions
 i - 2 potions of brilliance
 j - a potion of haste
 n - 2 potions of might {unknown}
 o - 2 potions of agility {unknown}
Comestibles
 c - 2 bread rations


   Skills:
 + Level 4.1 Fighting
 - Level 5.0 Long Blades
 - Level 2.1 Armour
 - Level 1.7 Dodging


You had 4 spell levels left.
You didn't know any spells.

Dungeon Overview and Level Annotations

Branches:
Dungeon (3/15)

Altars:
Fedhas
Nemelex Xobeh


Innate Abilities, Weirdness & Mutations

You are under a permanent stasis effect.
You can dig through walls and to a lower floor.
Your four strong arms can wield two-handed weapons with a shield.
You have a pair of large antennae on your head (SInv).


Message History

Your skin stops crawling.
You feel less resistant to hostile enchantments.
You feel very sick.
The orc wizard points at you and mumbles some strange words.
You resist with some effort.
You hit the orc wizard but do no damage.
The orc wizard is almost dead.
* * * LOW HITPOINT WARNING * * *
You feel sick.
You hit the orc wizard but do no damage.
The orc wizard is almost dead.
* * * LOW HITPOINT WARNING * * *
You feel very sick.
The orc wizard points at you and mumbles some strange words.
The magic dart hits you!
* * * LOW HITPOINT WARNING * * *
It was a potion of flight.
You feel very buoyant.
You fly up into the air.
You die...

..########(#
###.... . #(#
##...... #(#
#......# #(#
##...#### #.#
#...## #.#
##...# #.#
####...##
#o####....).#
#@#........##
#........###
##...#####
#####


You could see an orc wizard (invisible).

Vanquished Creatures
  Ijyb (D:2)
  An orc wizard (D:3)
  An adder (D:2)
  2 worms
  An orc (D:3)
  A ball python (D:2)
  2 giant cockroaches
  6 hobgoblins
  7 jackals (D:2)
  3 bats
  2 giant geckos
  5 giant newts (D:1)
  6 goblins
  5 kobolds
  2 rats
45 creatures vanquished.

Notes
Turn   | Place    | Note
--------------------------------------------------------------
     0 | D:1      | Kurrus the Formicid Berserker began the quest for the Orb.
     0 | D:1      | Reached XP level 1. HP: 18/18 MP: 1/1
   442 | D:1      | Reached XP level 2. HP: 8/24 MP: 2/2
  1397 | D:1      | Reached skill level 4 in Long Blades
  1397 | D:1      | Reached XP level 3. HP: 29/29 MP: 3/3
  2003 | D:2      | Found a blossoming altar of Fedhas.
  2145 | D:2      | Reached ** piety under Trog
  2560 | D:2      | Noticed Ijyb
  2575 | D:2      | Killed Ijyb
  2575 | D:2      | Reached skill level 5 in Long Blades
  2575 | D:2      | Reached XP level 4. HP: 14/35 MP: 4/4
  3133 | D:2      | Found a sparkling altar of Nemelex Xobeh.
  3474 | D:3      | Reached XP level 5. HP: 38/42 MP: 5/5
  3549 | D:3      | Succumbed to an orc wizard's poison

Action                   |  1- 3 |  4- 6 || total
-------------------------+-------+-------++-------
Melee: Falchion          |    78 |       ||    78
       Dagger            |   113 |    64 ||   177
Invok: Trog's Hand       |       |     1 ||     1
  Use: Scroll            |     2 |     6 ||     8
       Potion            |       |     3 ||     3
  Eat: Chunk             |     5 |     2 ||     7
